2986 views
Uploaded 2020-01-23 02:06:32
Game version 1.32.0.6
14:02 long 2on2 ladder game on (4)HillsbradCreek
Saved by SouL
2986 views
Uploaded 2020-01-23 02:06:32
Game version 1.32.0.6
14:02 long 2on2 ladder game on (4)HillsbradCreek


75 units @ 8.1k
/ 0.7k
38 buildings @ 5.4k
/ 2.5k



| Scroll of Regeneration | 3 | 300 |
| Lesser Clarity Potion | 1 | 70 |
| total: | 4 | 370g |
| Peasant | 20 | 1500 | / | 0 |
| Footman | 9 | 1215 | / | 0 |
| Rifleman | 7 | 1435 | / | 210 |
| Priest | 4 | 540 | / | 40 |
| Knight | 2 | 490 | / | 120 |
| total: | 42 | 5180g | / | 370w |
| Farm | 13 | 1040 | / | 260 |
| Altar of Kings | 1 | 180 | / | 50 |
| Barracks | 2 | 320 | / | 120 |
| Town Hall | 1 | 385 | / | 205 |
| Arcane Vault | 1 | 130 | / | 30 |
| Lumber Mill | 1 | 120 | / | 0 |
| Blacksmith | 1 | 140 | / | 60 |
| Arcane Sanctum | 2 | 300 | / | 280 |
| Keep | 2 | 640 | / | 420 |
| Castle | 2 | 720 | / | 420 |
| total: | 22 | 2615g | / | 1005w |
| 0:04 | Peasant |
| 0:05 | Peasant |
| 0:07 | Farm |
| 0:09 | Altar of Kings |
| 0:22 | Barracks |
| 0:28 | Peasant |
| 0:35 | Peasant |
| 0:52 | Peasant |
| 1:06 | Farm |
| 1:22 | Peasant |
| 1:24 | Footman |
| 1:24 | Footman |
| 1:32 | Farm |
| 1:39 | Footman |
| 1:44 | Peasant |
| 1:44 | Peasant |
| 2:00 | Footman |
| 2:00 | Footman |
| 2:12 | Peasant |
| 2:15 | Thunder Clap |
| 2:29 | Peasant |
| 2:29 | Peasant |
| 2:34 | Peasant |
| 2:39 | Farm |
| 2:56 | Footman |
| 2:58 | Peasant |
| 2:58 | Peasant |
| 3:02 | Footman |
| 3:03 | Footman |
| 3:33 | Storm Bolt |
| 3:46 | Town Hall |
| 4:16 | Farm |
| 4:18 | Farm |
| 4:21 | Arcane Vault |
| 4:33 | Lumber Mill |
| 4:59 | Footman |
| 5:02 | Barracks |
| 5:09 | Peasant |
| 5:13 | Peasant |
| 5:14 | Peasant |
| 5:23 | Blacksmith |
| 5:28 | Scroll of Regeneration |
| 5:33 | Lesser Clarity Potion |
| 5:35 | Scroll of Regeneration |
| 5:35 | Scroll of Regeneration |
| 5:46 | Thunder Clap |
| 5:52 | Peasant |
| 5:53 | Keep |
| 6:35 | Rifleman |
| 6:36 | Rifleman |
| 6:43 | Rifleman |
| 6:43 | Rifleman |
| 6:47 | Black Gunpowder |
| 7:07 | Farm |
| 7:08 | Farm |
| 7:35 | Rifleman |
| 7:38 | Rifleman |
| 7:48 | Studded Leather Armor |
| 7:49 | Reinforced Leather Armor |
| 7:55 | Peasant |
| 7:55 | Peasant |
| 8:01 | Farm |
| 8:02 | Farm |
| 8:23 | Castle |
| 8:34 | Storm Bolt |
| 8:48 | Long Rifles |
| 8:55 | Refined Gunpowder |
| 9:07 | Improved Lumber Harvesting |
| 9:37 | Arcane Sanctum |
| 9:41 | Siphon Mana |
| 9:58 | Dragonhide Armor |
| 10:38 | Priest |
| 10:38 | Priest |
| 10:50 | Priest |
| 10:53 | Imbued Gunpowder |
| 11:04 | Farm |
| 11:33 | Rifleman |
| 11:43 | Brilliance Aura |
| 11:57 | Priest |
| 11:58 | Priest Adept Training |
| 12:03 | Arcane Sanctum |
| 12:56 | Storm Bolt |
| 13:15 | Knight |
| 13:15 | Knight |
| 13:50 | Flame Strike |
| 13:51 | Flame Strike |
| 14:01 | Farm |
| 14:01 | Farm |
| Select group | 1813 |
| Right click | 1329 |
| Select | 513 |
| Misc. action | 510 |
| Assign group | 191 |
| Build/train/purchase | 113 |
| Use ability | 31 |
| Resource trade | 5 |
| Remove unit | 3 |
| Minimap ping | 1 |


| Lesser Clarity Potion | 4 | 280 |
| Scroll of Town Portal | 1 | 350 |
| Scroll of Healing | 1 | 250 |
| total: | 6 | 880g |
| Wisp | 23 | 1380 | / | 0 |
| Archer | 6 | 780 | / | 60 |
| Dryad | 3 | 435 | / | 180 |
| Chimaera | 1 | 330 | / | 70 |
| total: | 33 | 2925g | / | 310w |
| Altar of Elders | 1 | 180 | / | 50 |
| Moon Well | 6 | 1080 | / | 240 |
| Ancient of War | 1 | 150 | / | 60 |
| Ancient of Wonders | 1 | 90 | / | 30 |
| Hunter's Hall | 1 | 210 | / | 100 |
| Tree of Life | 1 | 340 | / | 185 |
| Ancient of Lore | 3 | 465 | / | 435 |
| Chimaera Roost | 2 | 280 | / | 380 |
| Tree of Ages | 1 | 320 | / | 180 |
| Tree of Eternity | 1 | 330 | / | 200 |
| total: | 16 | 2795g | / | 1480w |
| 0:03 | Wisp |
| 0:03 | Wisp |
| 0:06 | Altar of Elders |
| 0:18 | Moon Well |
| 0:29 | Wisp |
| 0:34 | Ancient of War |
| 0:44 | Wisp |
| 0:57 | Wisp |
| 1:02 | Wisp |
| 1:17 | Wisp |
| 1:29 | Wisp |
| 1:35 | Archer |
| 1:45 | Moon Well |
| 2:01 | Ancient of Wonders |
| 2:03 | Archer |
| 2:10 | Force of Nature |
| 2:20 | Moon Well |
| 2:38 | Archer |
| 2:41 | Wisp |
| 2:41 | Wisp |
| 2:41 | Wisp |
| 3:09 | Archer |
| 3:13 | Wisp |
| 3:13 | Wisp |
| 3:30 | Entangling Roots |
| 3:33 | Wisp |
| 3:38 | Lesser Clarity Potion |
| 3:38 | Lesser Clarity Potion |
| 4:10 | Tree of Ages |
| 4:32 | Moon Well |
| 4:39 | Archer |
| 5:01 | Hunter's Hall |
| 5:04 | Archer |
| 5:28 | Lesser Clarity Potion |
| 6:08 | Force of Nature |
| 6:12 | Lesser Clarity Potion |
| 6:21 | Ultravision |
| 6:43 | Acid Bomb |
| 6:45 | Wisp |
| 6:46 | Ancient of Lore |
| 6:49 | Ancient of Lore |
| 6:57 | Improved Bows |
| 7:07 | Wisp |
| 7:07 | Wisp |
| 7:34 | Ancient of Lore |
| 7:57 | Scroll of Town Portal |
| 8:01 | Scroll of Healing |
| 8:11 | Nature's Blessing |
| 8:32 | Dryad |
| 8:32 | Abolish Magic |
| 8:48 | Dryad |
| 9:00 | Healing Spray |
| 9:32 | Entangling Roots |
| 9:43 | Dryad |
| 9:56 | Tree of Eternity |
| 10:12 | Reinforced Hides |
| 10:33 | Moon Well |
| 11:18 | Improved Reinforced Hides |
| 11:20 | Moon Well |
| 11:32 | Tree of Life |
| 12:08 | Healing Spray |
| 12:19 | Hardened Skin |
| 12:19 | Resistant Skin |
| 12:20 | Well Spring |
| 12:24 | Wisp |
| 12:29 | Chimaera Roost |
| 12:31 | Chimaera Roost |
| 13:22 | Strength of the Wild |
| 13:53 | Wisp |
| 13:53 | Wisp |
| 13:53 | Wisp |
| 13:53 | Wisp |
| 13:53 | Wisp |
| 14:00 | Chimaera |
| Select group | 1164 |
| Right click | 1063 |
| Select | 211 |
| Build/train/purchase | 71 |
| Assign group | 56 |
| Misc. action | 56 |
| Use ability | 35 |
| Chat | 19 |
| Resource trade | 13 |
| Esc | 2 |
| Minimap ping | 2 |
| Item give/drop | 1 |
55 units @ 7.5k
/ 0.6k
18 buildings @ 3k
/ 0.8k

| Rod of Necromancy | 1 | 150 |
| Sacrificial Skull | 2 | 100 |
| Dust of Appearance | 3 | 225 |
| total: | 6 | 475g |
| Acolyte | 2 | 150 | / | 0 |
| Ghoul | 18 | 2160 | / | 0 |
| total: | 20 | 2310g | / | 0w |
| Crypt | 1 | 200 | / | 50 |
| Altar of Darkness | 1 | 180 | / | 50 |
| Ziggurat | 3 | 450 | / | 150 |
| Tomb of Relics | 1 | 130 | / | 30 |
| Graveyard | 1 | 215 | / | 0 |
| Halls of the Dead | 2 | 640 | / | 420 |
| total: | 7 | 1175g | / | 280w |
| 0:08 | Acolyte |
| 0:08 | Acolyte |
| 0:10 | Crypt |
| 0:13 | Altar of Darkness |
| 0:37 | Ziggurat |
| 0:55 | Tomb of Relics |
| 1:13 | Ghoul |
| 1:13 | Ghoul |
| 1:13 | Ghoul |
| 1:30 | Ghoul |
| 1:31 | Ghoul |
| 1:31 | Ghoul |
| 1:38 | Ziggurat |
| 1:44 | Ghoul |
| 1:44 | Ghoul |
| 1:44 | Ghoul |
| 1:59 | Ghoul |
| 2:14 | Ghoul |
| 2:32 | Rod of Necromancy |
| 2:33 | Sacrificial Skull |
| 2:36 | Dust of Appearance |
| 2:36 | Dust of Appearance |
| 2:36 | Dust of Appearance |
| 3:33 | Halls of the Dead |
| 3:34 | Ghoul |
| 3:34 | Ghoul |
| 3:34 | Ghoul |
| 4:03 | Unholy Aura |
| 4:22 | Ghoul |
| 4:30 | Graveyard |
| 4:38 | Ziggurat |
| 4:41 | Ghoul |
| 5:03 | Cannibalize |
| 5:13 | Sacrificial Skull |
| 5:32 | Ghoul |
| 5:34 | Ghoul |
| Right click | 119 |
| Select group | 61 |
| Select | 50 |
| Build/train/purchase | 34 |
| Misc. action | 12 |
| Assign group | 8 |
| Use ability | 2 |
| Remove unit | 1 |


| Acolyte | 5 | 375 | / | 0 |
| Ghoul | 12 | 1440 | / | 0 |
| Crypt Fiend | 5 | 1075 | / | 200 |
| Gargoyle | 13 | 2275 | / | 390 |
| total: | 35 | 5165g | / | 590w |
| Spirit Tower | 6 | 870 | / | 240 |
| Crypt | 1 | 200 | / | 50 |
| Altar of Darkness | 1 | 180 | / | 50 |
| Ziggurat | 7 | 1050 | / | 350 |
| Tomb of Relics | 1 | 130 | / | 30 |
| Graveyard | 1 | 215 | / | 0 |
| Halls of the Dead | 1 | 320 | / | 210 |
| total: | 11 | 1775g | / | 480w |
| 0:19 | Crypt |
| 0:27 | Altar of Darkness |
| 0:39 | Ziggurat |
| 0:48 | Acolyte |
| 0:53 | Acolyte |
| 1:07 | Acolyte |
| 1:30 | Ghoul |
| 1:45 | Ghoul |
| 1:47 | Ghoul |
| 1:56 | Acolyte |
| 2:38 | Tomb of Relics |
| 2:44 | Graveyard |
| 2:48 | Ziggurat |
| 2:48 | Ziggurat |
| 2:59 | Ziggurat |
| 3:23 | Death Coil |
| 4:21 | Spirit Tower |
| 4:23 | Spirit Tower |
| 4:25 | Spirit Tower |
| 4:28 | Crypt Fiend |
| 4:28 | Crypt Fiend |
| 4:53 | Ghoul |
| 4:53 | Ghoul |
| 5:45 | Unholy Strength |
| 6:04 | Spirit Tower |
| 6:06 | Spirit Tower |
| 6:25 | Creature Attack |
| 6:31 | Ghoul |
| 6:31 | Ghoul |
| 6:31 | Ghoul |
| 6:32 | Ghoul |
| 6:32 | Ghoul |
| 6:37 | Halls of the Dead |
| 6:49 | Spirit Tower |
| 7:14 | Gargoyle |
| 7:14 | Gargoyle |
| 7:14 | Gargoyle |
| 7:43 | Crypt Fiend |
| 7:43 | Crypt Fiend |
| 8:08 | Gargoyle |
| 8:08 | Gargoyle |
| 8:11 | Ghoul |
| 8:11 | Ghoul |
| 8:17 | Crypt Fiend |
| 8:23 | Carrion Swarm |
| 8:34 | Creature Carapace |
| 8:35 | Unholy Armor |
| 8:44 | Ziggurat |
| 8:53 | Ziggurat |
| 8:55 | Ziggurat |
| 11:25 | Gargoyle |
| 11:25 | Gargoyle |
| 11:25 | Gargoyle |
| 11:26 | Gargoyle |
| 11:26 | Gargoyle |
| 11:27 | Gargoyle |
| 11:27 | Gargoyle |
| 11:27 | Gargoyle |
| 11:44 | Acolyte |
| 11:49 | Improved Unholy Strength |
| 11:49 | Improved Unholy Armor |
| 11:49 | Improved Creature Carapace |
| 11:50 | Improved Creature Attack |
| Select | 110 |
| Right click | 106 |
| Build/train/purchase | 55 |
| Resource trade | 12 |
| Use ability | 8 |
| Misc. action | 5 |
| Remove unit | 2 |
โ